Map: Turbo Cruise '84 LE

Players

DarwinAwdWnr

  • Race: Zerg Zerg
  • Spawn Location: 7:00

Dink - Winner!

  • Race: Terran Terran
  • League: Diamond
  • Spawn Location: 3:00

VOD

Have the link to the VOD?

Description

Time

  • Played on: June 15, 2019, 1:49 a.m.
  • Length: 6:57
Show
View Real Time Build Order
Export as new Build Order

DarwinAwdWnr Zerg 

Build Orders: Hatch First 

Get SALT Encoding   

  12  0:01  Drone  
  13  0:09  Drone  
  14  0:17  Overlord  
  14  0:36  Drone  
  14  0:37  Drone  
  16  0:53  Hatchery  
  15  0:57  Drone x2  
  15  1:03  Extractor  
  16  1:04  Drone  
  17  1:22  Spawning Pool  
  17  1:23  Drone  
  17  1:32  Drone x2  
  19  1:41  Drone  
  20  1:57  Hatchery  
  19  2:09  Zergling x4  
  19  2:13  Queen  
  23  2:24  Metabolic Boost  
  23  2:31  Queen  
  25  2:37  Overlord  
  25  2:40  Drone  
  26  2:56  Queen  
  28  3:06  Drone  
  28  3:07  Drone x5  
  34  3:18  Baneling Nest  
  33  3:21  Queen  
  35  3:36  Zergling x2  
  35  3:37  Zergling x2  
  37  3:51  Zergling x10  
  37  3:54  Overlord x3  
  42  4:01  Overlord  
  42  4:08  Queen  
  41  4:16  Zergling x2  
  41  4:17  Zergling x12  
  41  4:22  Extractor  
  41  4:39  Queen x2  
  45  5:03  Roach Warren, Baneling x3  
  45  5:04  Baneling x3  
  44  5:14  Queen  
  44  5:25  Drone x8  
  44  5:26  Drone x4  
  56  5:45  Roach  
  51  6:09  Roach x2  
  51  6:10  Roach  
  55  6:22  Zergling x2, Roach x2  
  55  6:23  Overlord, Zergling x14  
Show
View Real Time Build Order
Export as new Build Order

Dink Terran - Winner!

Build Orders: 2 Factory, Hellion Opening, Mech 

Get SALT Encoding   

  12  0:01  SCV  
  13  0:13  SCV  
  14  0:17  Supply Depot  
  14  0:25  SCV  
  15  0:39  SCV  
  15  0:40  Barracks  
  16  0:44  Refinery  
  16  0:51  SCV  
  16  0:54  Refinery  
  17  1:03  SCV  
  18  1:06  Supply Depot  
  18  1:15  SCV  
  19  1:30  Orbital Command  
  19  1:40  Factory  
  19  1:55  Factory  
  19  2:01  SCV  
  19  2:05  Barracks Reactor  
  20  2:13  SCV  
  21  2:23  Factory Tech Lab  
  21  2:26  SCV  
  22  2:38  SCV  
  22  2:43  Infernal Pre-Igniter  
  23  2:55  Hellion x2  
  23  2:56  Siege Tank  
  30  3:12  Supply Depot  
  30  3:33  Siege Tank  
  30  3:34  Hellion x2, Supply Depot  
  37  3:54  Armory  
  37  3:55  Hellion  
  39  3:56  Hellion  
  39  4:00  Supply Depot  
  37  4:23  Hellion  
  37  4:24  Hellion, Siege Tank  
  39  4:43  Supply Depot  
  39  4:45  Hellion x2  
  43  4:49  Hellion x3  
  43  4:56  Siege Tank  
  46  5:06  Hellion x2  
  50  5:08  Factory  
  50  5:27  Hellion x4  
  50  5:28  Hellion x5, Siege Tank  
  53  5:29  Hellion  
  53  5:30  Hellion  
  57  5:53  Factory Tech Lab  
  57  5:59  Hellion x3  
  57  6:00  Siege Tank  
  60  6:23  Siege Tank  
  63  6:34  Supply Depot  
  63  6:35  Supply Depot  
  63  6:37  Command Center  
Tags
 
Add a new tag
Caveats
  • Supply blocks, unpowered buildings, or Contaminate may cause inaccurate times.
  • Supply counts are checked every 10 seconds.